 Dungeon Crawl Stone Soup version 0.28.0-53-g5a82cb258f (webtiles) character file.

Game seed: 12082939261168673121

1484 Sin92 the Chopper (level 8, -1/62 HPs)
             Began as a Demonspawn Fighter on June 9, 2022.
             Succumbed to a killer bee's poison
             ... on level 5 of the Dungeon.
             The game lasted 00:06:17 (5625 turns).

Sin92 the Chopper (Demonspawn Fighter)              Turns: 5625, Time: 00:06:17

Health: -1/62      AC:  9    Str: 16    XL:     8   Next: 50%
Magic:  8/8        EV: 12    Int: 11    God:
Gold:   258        SH:  5    Dex: 14    Spells: 7/7 levels left

rFire   + . .      SeeInvis .   w - +0 broad axe
rCold   . . .      Faith    .   c - +0 buckler
rNeg    . . .      Spirit   .   k - +3 leather armour
rPois   .          Reflect  .   (helmet restricted)
rElec   .          Harm     .   (no cloak)
rCorr   .          Rampage  .   (no gloves)
Will    .....                   (no boots)
Stlth   +.........              (no amulet)
HPRegen 0.20/turn               o - ring of protection from fire
MPRegen 0.11/turn               (no ring)

@: lethally poisoned (-1 -> -9)
A: horns 2, slimy green scales 2
a: no special abilities


You were on level 5 of the Dungeon.
You visited 2 branches of the dungeon, and saw 7 of its levels.

You collected 258 gold pieces.

Inventory:

Hand Weapons
 a - a +1 war axe
 w - a +0 broad axe (weapon)
Armour
 b - a +1 scale mail
 c - a +0 buckler (worn)
 k - a +3 leather armour (worn)
Jewellery
 o - a ring of protection from fire (left hand)
Wands
 d - a wand of iceblast (18)
 g - a wand of flame (13)
Scrolls
 h - 2 scrolls of amnesia
 m - a scroll of blinking {unknown}
 q - 3 scrolls of identify
 u - 3 scrolls of enchant armour
 x - a scroll of vulnerability {unknown}
Potions
 e - 2 potions of cancellation {unknown}
 f - a potion of magic
 i - 2 potions of heal wounds
 j - a potion of degeneration
 l - a potion of ambrosia {unknown}
 n - a potion of brilliance {unknown}
 p - 2 potions of lignification {unknown}
 r - 3 potions of haste {unknown}
 s - 2 potions of flight {unknown}
 t - 2 potions of invisibility {unknown}
 v - a potion of attraction {unknown}


   Skills:
 + Level 5.2 Fighting
 * Level 6.0 Axes
 + Level 4.6 Armour
 + Level 3.7 Dodging
 + Level 4.7 Shields


You had 7 spell levels left.
You didn't know any spells.
Your spell library contained the following spells:

 Spells                   Type           Power      Damage    Failure   Level
 Inner Flame              Hex/Fire       0%         N/A       86%         3
 Cause Fear               Hex            0%         N/A       99%         4
 Discord                  Hex            0%         N/A       100%        8


Dungeon Overview and Level Annotations

Branches:
Dungeon (6/15)             Temple (1/1) D:5

Altars:
Dithmenos
Elyvilon
Gozag
Hepliaklqana
Makhleb
Nemelex Xobeh
Qazlal
Ru
Sif Muna
Trog
Vehumet
Wu Jian
Xom
Yredelemnul
Zin

Shops:
D:5 :[

Annotations:
D:6 Grinder


Innate Abilities, Weirdness & Mutations

You have a pair of horns on your head.
You are mostly covered in slimy green scales. (AC +3)


Message History

You hit the killer bee.
You kill the killer bee!
You hit the killer bee.
You feel very sick.
The killer bee barely misses you. x2; The killer bee completely misses you.
The killer bee closely misses you.
Your Axes skill increases to level 6!
You closely miss the killer bee.
The killer bee is moderately wounded.
You hit the killer bee.
You feel very sick. The killer bee stings you.
You are more poisoned.
The killer bee poisons you! The killer bee stings you.
You block the killer bee's attack.
The killer bee stings you but does no damage.
The killer bee completely misses you.
You are too injured to fight recklessly!
Unknown command.
You are too injured to fight recklessly!
Unknown command.
You are too injured to fight recklessly!
Unknown command.
You feel very sick. The killer bee closely misses you.
There is a stone staircase leading down here.
You can't go up here!
You feel very sick. The killer bee misses you.
The killer bee barely misses you.
You climb downwards.
You feel sick.
Grinder shouts!
Found a scroll of identify and a ring mail.
There is a stone staircase leading up here.
You feel very sick. The killer bee closely misses you.
You block the killer bee's attack. Grinder gestures at you.
Pain shoots through your body!
* * * LOW HITPOINT WARNING * * *
You climb upwards.
You die...

#.# #.# #.# #.# #.# #.# #
### #.###y#
..#############y.lyS#
................@#†.S....
..#####.########.#y######
........# #.#.. #.......#
#.#### #.......#### #.#
+..........# #.#
#.......##.#####.#
.........#.#...#.#
...............#


You could see an iguana, 3 killer bees and an adder.

Vanquished Creatures
  A black bear (D:5)
  2 ogres (D:4)
  A necrophage (D:4)
  A centaur (D:4)
  Blork the orc (D:5)
  2 scorpions
  A water moccasin skeleton (D:4)
  A killer bee (D:5)
  2 howler monkeys (D:5)
  A bullfrog zombie (D:4)
  3 hounds (D:5)
  A gnoll shaman (D:3)
  A bullfrog skeleton (D:3)
  Ijyb (D:4)
  4 orc wizards
  Natasha (thrice) (D:4)
  A scorpion zombie (D:4)
  2 hound zombies (D:4)
  3 hound skeletons
  5 adders
  5 gnolls
  A shadow imp (D:5)
  An ufetubus (D:4)
  3 adder zombies (D:4)
  An adder skeleton (D:4)
  5 dart slugs
  23 orcs
  6 bats
  4 endoplasms
  A giant cockroach (D:2)
  8 hobgoblins
  6 quokkas
  7 ball pythons
  5 frilled lizards
  5 goblins
  6 kobolds
  A quokka skeleton (D:4)
  A quokka zombie (D:4)
  7 rats
133 creatures vanquished.

Vanquished Creatures (others)
  5 withered plants (D:4)
5 creatures vanquished.

Grand Total: 138 creatures vanquished

Notes
Turn   | Place    | Note
-------+----------+-------------------------------------------
     0 | D:1      | Sin92 the Demonspawn Fighter began the quest for the Orb.
     0 | D:1      | Reached XP level 1. HP: 18/18 MP: 1/1
    91 | D:1      | Reached skill level 2 in Axes
   220 | D:1      | Gained mutation: You have a pair of small horns on your
                  | head. [demonic ancestry]
   220 | D:1      | Reached XP level 2. HP: 24/24 MP: 2/2
   407 | D:1      | Found a faded altar of an unknown god.
   743 | D:1      | Reached XP level 3. HP: 29/29 MP: 3/3
  1207 | D:2      | Reached skill level 1 in Dodging
  1894 | D:3      | Gained mutation: You are partially covered in slimy green
                  | scales. (AC +2) [demonic ancestry]
  1894 | D:3      | Reached XP level 4. HP: 34/35 MP: 4/4
  2161 | D:3      | Reached skill level 3 in Axes
  2167 | D:3      | Reached XP level 5. HP: 35/41 MP: 5/5
  3125 | D:3      | Gained mutation: You have a pair of horns on your head.
                  | [demonic ancestry]
  3125 | D:3      | Reached XP level 6. HP: 28/48 MP: 6/6
  3390 | D:4      | Reached skill level 4 in Axes
  3459 | D:4      | Reached XP level 7. HP: 33/54 MP: 7/7
  3975 | D:4      | Reached skill level 5 in Axes
  3976 | D:4      | Noticed Natasha
  3977 | D:4      | Noticed Ijyb
  3990 | D:4      | Killed Natasha
  3992 | D:4      | Noticed Natasha
  3998 | D:4      | Killed Ijyb
  4004 | D:4      | Killed Natasha
  4265 | D:4      | Noticed Natasha
  4271 | D:4      | Killed Natasha
  4381 | D:5      | Entered Level 5 of the Dungeon
  4381 | D:5      | Found a staircase to the Ecumenical Temple.
  4401 | D:5      | Gained mutation: You are mostly covered in slimy green
                  | scales. (AC +3) [demonic ancestry]
  4401 | D:5      | Reached XP level 8. HP: 54/61 MP: 8/8
  4492 | Temple   | Entered the Ecumenical Temple
  4842 | D:5      | Found a radiant altar of Vehumet.
  4973 | D:5      | Found Etaen's Armour Emporium.
  4978 | D:5      | Found Ogi Ops's Book Shop.
  5084 | D:5      | Reached skill level 5 in Fighting
  5254 | D:5      | Noticed Blork the orc
  5265 | D:5      | Killed Blork the orc
  5620 | D:5      | Reached skill level 6 in Axes
  5623 | D:6      | Noticed Grinder
  5624 | D:6      | HP: 1/62 [Grinder/nerve-wracking pain (13)]
  5625 | D:5      | Succumbed to a killer bee's poison

Illustrated notes

Levels and vault maps discovered:
D:1:      doesnt_arrival_eight_statues, layout_loops_ring,
          dreamdust_ecumenical_altar_angels_and_demons, chequers_mini_garden,
          chequers_decorated_corner
D:2:      layout_basic
D:3:      layout_rooms, nicolae_overflow_hidden_temple
D:4:      layout_basic, serial_undead, serial_undead_b, serial_undead_a,
          serial_undead_c, serial_undead_c, serial_undead_f, serial_undead_f,
          chequers_garden, uniq_natasha, uniq_ijyb
D:5:      layout_basic, mainiacjoe_overflow_24_doors, vehumet_altar_wand_db,
          minmay_temple_entry_statues, serial_shops, nicolae_shop_statue_plus,
          shop, uniq_blork_the_orc
D:6:      layout_loops_corners, lemuel_coloured_pillars_altar, uniq_pikel,
          uniq_grinder
Temple:   nicolae_temple_figure_eight

Skill      XL: |  1  2  3  4  5  6  7  8 |
---------------+-------------------------+-----
Axes           | 2 3 4 5 6 |  6.0
Armour         | 3 4 |  4.6
Shields        | 3 4 |  4.7
Dodging        | 1 2 3 |  3.7
Fighting       | 4 5 |  5.2

Action                   |  1- 3 |  4- 6 |  7- 9 || total
-------------------------+-------+-------+-------++-------
Melee: War axe           |   121 |   114 |   175 ||   410
       Headbutt          |     8 |    19 |    34 ||    61
       Broad axe         |       |       |     7 ||     7
  Use: Scroll            |     3 |     2 |     5 ||    10
       Potion            |       |       |     1 ||     1
 Stab: Sleeping          |       |       |     1 ||     1
Armor: Scale mail        |    50 |       |       ||    50
       Leather armour    |    10 |    44 |    98 ||   152
Dodge: Dodged            |    60 |    67 |   139 ||   266
Block: Buckler           |    27 |    21 |    60 ||   108
